 Dungeon Crawl Stone Soup version 0.20.1-1-g8b1a95d66d (webtiles) character file.

3440 Peloso the Carver (level 9, -6/79 HPs)
             Began as a Minotaur Fighter on Dec 26, 2017.
             Was an Initiate of Okawaru.
             Mangled by an ogre
             ... wielding a +0 giant club
              (16 damage)
             ... on level 7 of the Dungeon.
             The game lasted 00:17:42 (6107 turns).

Peloso the Carver (Minotaur Fighter)                Turns: 6107, Time: 00:17:42

Health: -6/79      AC: 13    Str: 22    XL:     9   Next: 77%
Magic:  8/8        EV:  8    Int:  5    God:    Okawaru [......]
Gold:   106        SH: 12    Dex: 15    Spells: 8/8 levels left

rFire    . . .     SeeInvis .   a - +1 long sword
rCold    . . .     Gourm    +   c - +0 shield
rNeg     . . .     Faith    .   b - +0 chain mail
rPois    .         Spirit   .   (helmet restricted)
rElec    .         Reflect  .   (no cloak)
rCorr    .         Harm     .   (no gloves)
MR       +....                  v - +1 pair of boots
Stlth    ..........             D - amulet of the gourmand
Regen    0.3/turn               e - ring of protection from magic
MPRegen  0.2/turn               y - +3 ring of dexterity

@: no status effects
A: retaliatory headbutt, horns 2
a: Renounce Religion


You were on level 7 of the Dungeon.
You worshipped Okawaru.
Okawaru was noncommittal.
You were very full.

You visited 2 branches of the dungeon, and saw 9 of its levels.

You collected 288 gold pieces.
You spent 182 gold pieces at shops.

Inventory:

Hand Weapons
 a - a +1 long sword (weapon)
Armour
 b - a +0 chain mail (worn)
 c - a +0 shield (worn)
 v - a +1 pair of boots (worn)
Jewellery
 e - a ring of protection from magic (left hand)
 r - an uncursed ring of positive energy
 y - a +3 ring of dexterity (right hand)
 B - a cursed ring of protection from magic
 D - an amulet of the gourmand (around neck)
Wands
 l - a wand of flame (25/48)
 w - a wand of digging (22/24)
 x - a wand of clouds (1/9)
 C - a wand of random effects (19/48)
Scrolls
 g - 2 scrolls of identify
 h - 5 scrolls of remove curse
 i - a scroll of blinking
 m - a scroll of enchant armour
 n - 2 scrolls of teleportation
 q - a scroll of enchant weapon
 t - a scroll of fear
 E - 2 scrolls of amnesia
Potions
 d - a potion of might
 k - 5 potions of curing
 o - a potion of agility
 p - 2 potions of haste
 u - a potion of lignification {unknown}
 z - a potion of heal wounds {unknown}
 F - 2 potions of brilliance {unknown}
Comestibles
 f - 5 bread rations
 j - 3 meat rations
 s - 3 fruits
 G - a royal jelly


   Skills:
 + Level 7.1 Fighting
 + Level 10.0 Long Blades
 + Level 8.6 Armour
 + Level 3.0 Dodging
 + Level 1.4 Stealth
 + Level 9.0 Shields


You had 8 spell levels left.
You didn't know any spells.

Dungeon Overview and Level Annotations

Branches:
Dungeon (8/15)             Temple (1/1) D:7
   Lair: D:8-11

Altars:
Ashenzari
Cheibriados
Dithmenos
Elyvilon
Hepliaklqana
Kikubaaqudgha
Makhleb
Nemelex Xobeh
Okawaru
Qazlal
Ru
Trog
Vehumet
Yredelemnul
The Shining One

Shops:
D:5 =   D:7 =?


Innate Abilities, Weirdness & Mutations

You reflexively headbutt those who attack you in melee.
You have a pair of horns on your head.


Message History

You start resting.
An ogre comes up the stairs.
It is wielding a giant club.
An ogre is nearby!
The ogre shouts!
You hit the ogre but do no damage. You headbutt the ogre.
The ogre is lightly wounded.
You barely miss the ogre.
The ogre is lightly wounded.
The ogre hits you with a giant club!!
* * * LOW HITPOINT WARNING * * *
You hit the ogre.
The ogre is lightly wounded.
You slash the ogre!
The ogre is heavily wounded.
The ogre hits you with a giant club!
* * * LOW HITPOINT WARNING * * *
You hit the ogre.
The ogre is almost dead.
The ogre hits you with a giant club!
You die...

...##...##(..##[....##...........
...##........##.....##..^.####..#
....#........(.(.....#....####...
....#...##...##(.....'.........P.
....'...##...##.(...####'###...≈.
....#...........(...##....##..P≈.
...##.....8.8.8.(...##....###....
...##...#..⌠.(((######....####...
...##.....8.>.8.@....#...........
...#.......⌠.⌠...O...#...........
...#......8.8.8......#...........
...#....#.......+##.....####+##.#
...#....##...##....#########.##.#
...#...........#....# #.....#..
...#...........+....# #..<..#..
..###...#......#....# #.....#..
#####..<.......#....# #........


You could see an ogre.

Vanquished Creatures
  Pikel (D:4)
  The ghost of cada the Covered, a novice FoFi (D:4)
  Grinder (D:6)
  Sigmund (D:5)
  Eustachio (D:4)
  A water moccasin (D:7)
  A sky beast (D:6)
  An ice beast (D:6)
  A slave (D:5)
  3 ogres
  3 centaurs
  2 bullfrogs (D:6)
  A scorpion (D:4)
  2 howler monkeys
  2 crimson imps
  A jelly (D:7)
  A quasit (D:6)
  A bullfrog zombie (D:7)
  5 hounds
  7 orc wizards
  2 orc priests
  2 bullfrog skeletons
  Ijyb (D:5)
  4 iguanas
  6 worker ants
  11 adders
  2 adder zombies
  2 adder skeletons
  3 worms
  2 dart slugs
  2 leopard geckos
  32 orcs
  6 bats
  4 giant cockroaches
  11 goblins
  10 hobgoblins
  7 jackals
  9 kobolds
  4 quokkas
  8 frilled lizards
  A leopard gecko skeleton (D:5)
  7 rats
173 creatures vanquished.

Vanquished Creatures (others)
  An orc priest (D:5)
  A worker ant (D:5)
  A hound zombie (D:5)
  4 orcs (D:5)
7 creatures vanquished.

Grand Total: 180 creatures vanquished

Notes
Turn   | Place    | Note
-------+----------+-------------------------------------------
     0 | D:1      | Peloso the Minotaur Fighter began the quest for the Orb.
     0 | D:1      | Reached XP level 1. HP: 19/19 MP: 0/0
   114 | D:1      | Reached XP level 2. HP: 23/27 MP: 1/1
   476 | D:1      | Reached XP level 3. HP: 33/33 MP: 2/2
   564 | D:2      | Reached skill level 3 in Long Blades
   701 | D:2      | Reached XP level 4. HP: 30/40 MP: 3/3
  1167 | D:3      | Found a sparkling altar of Nemelex Xobeh.
  1344 | D:3      | Reached skill level 4 in Long Blades
  1344 | D:3      | Reached XP level 5. HP: 43/46 MP: 4/4
  1376 | D:3      | Reached skill level 5 in Armour
  2029 | D:4      | Found a bloodstained altar of Trog.
  2042 | D:4      | Noticed cada's ghost (novice FoFi)
  2061 | D:4      | Killed cada's ghost
  2061 | D:4      | Reached skill level 6 in Long Blades
  2061 | D:4      | Reached skill level 1 in Dodging
  2061 | D:4      | Reached skill level 5 in Shields
  2061 | D:4      | Reached XP level 6. HP: 36/55 MP: 5/5
  2061 | D:4      | Reached XP level 7. HP: 39/60 MP: 6/6
  2252 | D:4      | Noticed Eustachio
  2278 | D:4      | Killed Eustachio
  2278 | D:4      | Reached skill level 5 in Fighting
  2756 | D:4      | Found a sacrificial altar of Ru.
  3236 | D:5      | Entered Level 5 of the Dungeon
  3241 | D:5      | Noticed Pikel
  3280 | D:4      | Killed Pikel
  3280 | D:4      | Reached skill level 7 in Long Blades
  3280 | D:4      | Reached skill level 1 in Stealth
  3280 | D:4      | Reached XP level 8. HP: 53/70 MP: 7/7
  3286 | D:5      | Noticed Ijyb
  3369 | D:5      | Killed Ijyb
  3697 | D:5      | Noticed Sigmund
  3710 | D:5      | Killed Sigmund
  3710 | D:5      | Reached skill level 8 in Long Blades
  3909 | D:5      | Found Erevoe's Jewellery Shop.
  4434 | D:6      | Noticed Grinder
  4438 | D:6      | Found a burning altar of Makhleb.
  4463 | D:6      | Killed Grinder
  4463 | D:6      | Reached XP level 9. HP: 52/78 MP: 8/8
  4485 | D:6      | Reached skill level 9 in Long Blades
  5228 | D:7      | Found Ogeomodgh's Jewellery Shop.
  5365 | D:7      | Found a white marble altar of Elyvilon.
  5430 | D:7      | Found a glowing golden altar of the Shining One.
  5446 | D:7      | Found a staircase to the Ecumenical Temple.
  5514 | Temple   | Entered the Ecumenical Temple
  5617 | Temple   | Became a worshipper of Warmaster Okawaru
  5662 | D:7      | Found a shadowy altar of Dithmenos.
  5662 | D:7      | Found a basalt altar of Yredelemnul.
  5665 | D:7      | Found a stormy altar of Qazlal.
  5732 | D:7      | Reached skill level 10 in Long Blades
  5820 | D:7      | Found Qaac's Magic Scroll Emporium.
  5828 | D:7      | Bought a scroll of enchant armour for 105 gold pieces
  5828 | D:7      | Bought a scroll of identify for 28 gold pieces
  5828 | D:7      | Bought a scroll of fear for 49 gold pieces
  6034 | D:8      | Noticed a two-headed ogre
  6107 | D:7      | Mangled by an ogre

Skill      XL: |  1  2  3  4  5  6  7  8  9 |
---------------+----------------------------+-----
Armour         | 4 5 6 7 8 |  8.6
Shields        | 4 5 6 7 9 |  9.0
Long Blades    | 3 4 6 7 8 10 | 10.0
Fighting       | 4 5 6 7 |  7.1
Dodging        | 1 2 3 |  3.0
Stealth        | 1 |  1.4

Action                   |  1- 3 |  4- 6 |  7- 9 || total
-------------------------+-------+-------+-------++-------
Melee: Long sword        |   100 |   129 |   349 ||   578
       Headbutt          |    10 |    21 |    91 ||   122
Evoke: Wand              |       |       |     6 ||     6
  Use: Scroll            |       |       |    14 ||    14
  Eat: Chunk             |       |     4 |    30 ||    34
Armor: Scale mail        |    88 |    39 |    41 ||   168
       Chain mail        |       |       |   117 ||   117
Dodge: Dodged            |    48 |    39 |   104 ||   191
Block: Shield            |    66 |    63 |   210 ||   339
       Rpst.: Long sword |    11 |    11 |    34 ||    56
